Carnivores vs Ice Dragons

Created - November 12, 2020 at 19:34

Goals
1 2 3 T
Carnivores 1 2 2 5
Ice Dragons 1 1 1 3
Shots
1 2 3 T
Carnivores 6 13 12 31
Ice Dragons 5 18 12 35

1st period

1. Ice Dragons , Jordan LaVallee 10 (Corban Knight 11, Chet Pickard) at 2:34 (PP)
2. Carnivores , Josh Morrissey 2 (Nicolas Kerdiles 7, Chris Lawrence 15) at 7:08 (PP)

Penalties :
Joel Armia (Bre) for Roughing (Minor) at 2:24, Adam Clendening (Kin) for Hooking (Minor) at 3:33, William Carrier (Kin) for Hooking (Minor) at 6:58, Josh Morrissey (Bre) for Hooking (Minor) at 12:00

2nd period

3. Ice Dragons , Jordan LaVallee 11 (Corban Knight 12, Brandon Kozun 5) at 4:21
4. Carnivores , Nicolas Kerdiles 7 (Scott Laughton 14) at 5:55 (PP)
5. Carnivores , Blake Geoffrion 9 (Travis Dermott 9) at 19:25

Penalties :
Juho Lammikko (Kin) for Interference (Minor) at 5:33, Mark McNeill (Bre) for Hooking (Minor) at 15:19

3rd period

6. Ice Dragons , Billy Sweat 4 (Alex Plante 3, Adam Clendening 4) at 6:40 (PP)
7. Carnivores , Josh Morrissey 3 (Chris Lawrence 16, Scott Laughton 15) at 16:19 (PP)
8. Carnivores , Nicolas Kerdiles 8 (Scott Laughton 16) at 17:11 (PP)

Penalties :
Markus Granlund (Bre) for Holding (Minor) at 5:38, Chris Lawrence (Bre) for High sticking (Minor) at 6:51, David Shields (Kin) for Roughing (Minor) at 15:13, Kevin Connauton (Kin) for High sticking (Minor) at 17:10, Emil Pettersson (Kin) for Hooking (Minor) at 17:31

Goalie Stats

Tristan Jarry (Bre), 32 saves from 35 shots - (0.914), W, 4-1-0, 60:00 minutes
Chet Pickard (Kin), 26 saves from 31 shots - (0.839), L, 5-3-0, 60:00 minutes

Players Stats for Carnivores

Player Name              G  A  P  +/- PIM S  H  SB GA TA FO     MP     PP MP  PK MP  
------------------------------------------------------------------------------------
Adam Almquist            0  0  0   0  0   0  1  0  0  1  0/0    14:24   0:49   0:00 
Andreas Englund          0  0  0   1  0   0  2  4  0  1  0/0    18:01   0:00   4:31 
Anton Gustafsson         0  0  0   1  0   2  1  1  0  0  11/20  18:37   1:50   4:16 
Blake Geoffrion          1  0  1   1  0   2  2  0  0  0  0/0    14:21   1:50   0:00 
Brett Connolly           0  0  0   0  0   0  0  0  0  0  0/1     0:57   0:05   0:00 
Carl Dahlstrom           0  0  0  -1  0   1  0  0  0  0  0/0     9:23   0:00   0:00 
Chris Lawrence           0  2  2  -1  2   4  0  3  0  0  0/3    20:56   3:42   0:00 
Hunter Shinkaruk         0  0  0   0  0   1  1  0  1  0  0/0     7:08   0:00   0:11 
Joel Armia               0  0  0   1  2   1  1  1  1  0  0/0    14:20   1:50   0:00 
Josh Morrissey           2  0  2   0  2   3  3  4  1  0  0/0    26:30   4:03   3:05 
Lucas Wallmark           0  0  0   0  0   0  0  0  0  0  0/0     8:38   0:00   1:42 
Mark McNeill             0  0  0   0  2   3  1  0  0  0  1/1    10:34   0:05   0:00 
Markus Granlund          0  0  0   0  2   2  1  0  0  0  4/6    11:05   0:00   1:26 
Mattias Backman          0  0  0  -1  0   0  2  0  0  1  0/0    15:05   1:34   3:07 
Nicolas Deslauriers      0  0  0   0  0   3  1  0  0  0  0/1    12:11   0:00   2:31 
Nicolas Kerdiles         2  1  3  -1  0   5  1  1  0  0  2/2    24:43   3:42   3:47 
Riley Barber             0  0  0   0  0   1  0  0  0  0  0/0     7:53   0:05   0:00 
Scott Laughton           0  3  3  -1  0   3  2  1  0  1  17/39  21:22   3:42   0:25 
T.J Brodie               0  0  0   0  0   0  0  2  0  1  0/0    11:21   0:45   0:57 
Travis Dermott           0  1  1   1  0   0  1  0  1  1  0/0    21:11   4:03   2:38 
Trevor Van Riemsdyk      0  0  0   0  0   0  0  1  0  0  0/0     4:06   0:00   0:00 

Players Stats for Ice Dragons

Player Name              G  A  P  +/- PIM S  H  SB GA TA FO     MP     PP MP  PK MP  
------------------------------------------------------------------------------------
Adam Clendening          0  1  1  -1  2   1  0  2  0  0  0/0    18:49   3:21   0:15 
Alex Plante              0  1  1  -1  0   2  2  1  0  0  0/0    20:58   3:21   2:09 
Billy Sweat              1  0  1  -1  0   4  4  0  0  1  0/0    18:32   3:32   1:28 
Brandon Kozun            0  1  1   1  0   2  2  1  0  0  0/1    20:32   3:35   0:00 
Chris Wagner             0  0  0   0  0   0  0  0  0  0  0/0    10:06   0:00   0:00 
Corban Knight            0  2  2   1  0   7  1  0  3  0  26/44  23:50   3:34   3:19 
David Shields            0  0  0   0  2   0  1  1  0  0  0/0    12:07   0:00   1:55 
Emil Pettersson          0  0  0   0  2   0  1  0  0  0  3/6    10:35   0:00   0:21 
Jerome Gauthier-Leduc    0  0  0   0  0   0  0  0  0  0  0/0     9:50   0:00   0:00 
Jordan LaVallee          2  0  2   1  0   4  1  0  0  0  0/1    23:51   3:34   3:19 
Juho Lammikko            0  0  0   0  2   0  0  0  0  0  0/0     6:28   0:00   0:00 
Justin Shugg             0  0  0  -1  0   2  3  0  0  0  1/3    17:04   3:32   0:00 
Kevin Connauton          0  0  0   1  2   4  1  2  1  1  0/0    29:10   3:48   3:27 
Logan MacMillan          0  0  0   0  0   2  0  0  0  1  0/0    10:12   0:05   0:00 
Sam Carrick              0  0  0  -1  0   2  1  2  0  0  7/16   18:32   3:32   1:28 
Theodor Blueger          0  0  0   0  0   1  1  0  0  0  1/2     6:58   0:00   0:29 
William Carrier          0  0  0   0  2   1  0  1  2  0  0/0     7:31   0:03   0:50 
Zach Trotman             0  0  0   1  0   3  1  0  0  1  0/0    29:12   3:48   3:28 

3 Stars

1 - Nicolas Kerdiles (Bre)
2 - Josh Morrissey (Bre)
3 - Jordan LaVallee (Kin)

Power Play

Carnivores - 4 on 6 Attempt(s) - 66.67%
Ice Dragons - 2 on 5 Attempt(s) - 40.00%

Penalty Kill

Carnivores - 3 on 5 Attempt(s) - 60.00% - Score 0 goal in Penalty Kill
Ice Dragons - 2 on 6 Attempt(s) - 33.33% - Score 0 goal in Penalty Kill

Team Stat

Carnivores - Hits : 20 - Faceoff Wins : 35 - Blocked Shots : 18 - Penalty Minutes : 10
Ice Dragons - Hits : 19 - Faceoff Wins : 38 - Blocked Shots : 10 - Penalty Minutes : 12

Official

Referees : Unknown
Linesman : Unknown

Game Notes

T.J Brodie is injured at 11:09 of 2nd period (Back)

Finance

Level 1 -- Attendance: 1265 (63.25%) -- Ticket Income $50,600
Level 2 -- Attendance: 619 (61.90%) -- Ticket Income $12,380
Total Attendance: 1884 (62.80%)
Total Ticket Income: $62,980
Other Income: $3,149
Total Income: $66,129

Carnivores

5 vs 5 Forward 
   Center                   Left Wing                Right Wing               Time % Phy DF OF 
 1 Scott Laughton           Nicolas Kerdiles         Chris Lawrence           40     1   2  2  
 2 Anton Gustafsson         Blake Geoffrion          Joel Armia               30     1   2  2  
 3 Markus Granlund          Nicolas Deslauriers      Mark McNeill             20     1   2  2  
 4 Lucas Wallmark           Hunter Shinkaruk         Riley Barber             10     1   2  2  

5 vs 5 Defense 
   Defense                  Defense                                           Time % Phy DF OF 
 1 T.J Brodie               Josh Morrissey                                    40     1   2  2  
 2 Andreas Englund          Travis Dermott                                    30     1   2  2  
 3 Carl Dahlstrom           Mattias Backman                                   20     1   2  2  
 4 Trevor Van Riemsdyk      Adam Almquist                                     10     1   2  2  

PowerPlay Forward 
   Center                   Left Wing                Right Wing               Time % Phy DF OF 
 1 Scott Laughton           Nicolas Kerdiles         Chris Lawrence           60     1   1  3  
 2 Anton Gustafsson         Blake Geoffrion          Joel Armia               40     1   2  2  

PowerPlay Defense
   Defense                  Defense                                           Time % Phy DF OF 
 1 Josh Morrissey           Travis Dermott                                    60     1   2  2  
 2 T.J Brodie               Mattias Backman                                   40     1   1  3  

Penalty Kill 4 Players Forward 
   Center                   Wing                     Time % Phy DF OF 
 1 Anton Gustafsson         Nicolas Kerdiles         60     1   2  2  
 2 Markus Granlund          Nicolas Deslauriers      40     1   2  2  

Penalty Kill 4 Players Defense
   Defense                  Defense                  Time % Phy DF OF 
 1 Andreas Englund          Josh Morrissey           60     1   3  1  
 2 T.J Brodie               Mattias Backman          40     1   3  1  

Penalty Kill - 3 Players Forward 
   Forward                                           Time % Phy DF OF 
 1 Anton Gustafsson                                  60     1   3  1  
 2 Mark McNeill                                      40     1   3  1  

Penalty Kill - 3 Players Defense
   Defense                  Defense                  Time % Phy DF OF 
 1 Andreas Englund          Josh Morrissey           60     1   3  1  
 2 T.J Brodie               Mattias Backman          40     1   3  1  

4 vs 4 Forward 
   Center                   Wing                     Time % Phy DF OF 
 1 Scott Laughton           Blake Geoffrion          60     1   2  2  
 2 Anton Gustafsson         Chris Lawrence           40     1   2  2  

4 vs 4 Defense
   Defense                  Defense                  Time % Phy DF OF 
 1 T.J Brodie               Josh Morrissey           60     1   2  2  
 2 Mattias Backman          Travis Dermott           40     1   2  2  

Last Minutes Offensive
   Center                   Left Wing                Right Wing               Defense                  Defense                  
   Scott Laughton           Blake Geoffrion          Chris Lawrence           Josh Morrissey           Travis Dermott           

Last Minutes Defensive
   Center                   Left Wing                Right Wing               Defense                  Defense                  
   Markus Granlund          Nicolas Kerdiles         Mark McNeill             Josh Morrissey           Travis Dermott           

Goaltenders
Starting : Tristan Jarry            
Backup : Niklas Svedberg          

Extra Forwards
Normal : Brett Connolly, Markus Granlund, Mark McNeill - PP : Brett Connolly, Riley Barber - PK : Lucas Wallmark
Extra Defensemen
Normal : Adam Almquist, Mattias Backman, Trevor Van Riemsdyk - PP : Adam Almquist - PK : Mattias Backman, T.J Brodie
Penalty Shots
Joel Armia, Anton Gustafsson, Blake Geoffrion, Chris Lawrence, Scott Laughton

Scratches
Ryan Olsen (Healthy), Freddie Hamilton (Healthy), Mat Clark (Healthy), Sergei Zborovskiy (Healthy), Filip Chlapik (Healthy)
Stanislav Galiev (Healthy), Mark MacMillan (Healthy), Troy Bourke (Healthy), Alexandre Mallet (Healthy), Christian Djoos (Back Spasms Injury)
Josh Wesley (Healthy), Linus Ullmark (Healthy), Felix Sanstrom (Healthy)

Ice Dragons

5 vs 5 Forward 
   Center                   Left Wing                Right Wing               Time % Phy DF OF 
 1 Corban Knight            Jordan LaVallee          Brandon Kozun            40     1   2  2  
 2 Sam Carrick              Billy Sweat              Justin Shugg             30     1   2  2  
 3 Emil Pettersson          Logan MacMillan          Chris Wagner             20     1   2  2  
 4 Theodor Blueger          William Carrier          Juho Lammikko            10     1   2  2  

5 vs 5 Defense 
   Defense                  Defense                                           Time % Phy DF OF 
 1 Kevin Connauton          Zach Trotman                                      40     1   2  2  
 2 Adam Clendening          Alex Plante                                       30     1   2  2  
 3 Jerome Gauthier-Leduc    David Shields                                     20     1   2  2  
 4 Kevin Connauton          Zach Trotman                                      10     1   2  2  

PowerPlay Forward 
   Center                   Left Wing                Right Wing               Time % Phy DF OF 
 1 Corban Knight            Jordan LaVallee          Brandon Kozun            60     1   2  2  
 2 Sam Carrick              Billy Sweat              Justin Shugg             40     1   2  2  

PowerPlay Defense
   Defense                  Defense                                           Time % Phy DF OF 
 1 Kevin Connauton          Zach Trotman                                      60     1   2  2  
 2 Adam Clendening          Alex Plante                                       40     1   2  2  

Penalty Kill 4 Players Forward 
   Center                   Wing                     Time % Phy DF OF 
 1 Corban Knight            Jordan LaVallee          60     1   2  2  
 2 Billy Sweat              Sam Carrick              40     1   2  2  

Penalty Kill 4 Players Defense
   Defense                  Defense                  Time % Phy DF OF 
 1 Kevin Connauton          Zach Trotman             60     1   2  2  
 2 David Shields            Alex Plante              40     1   2  2  

Penalty Kill - 3 Players Forward 
   Forward                                           Time % Phy DF OF 
 1 Corban Knight                                     60     1   2  2  
 2 Jordan LaVallee                                   40     1   2  2  

Penalty Kill - 3 Players Defense
   Defense                  Defense                  Time % Phy DF OF 
 1 Kevin Connauton          Zach Trotman             60     1   2  2  
 2 David Shields            Alex Plante              40     1   2  2  

4 vs 4 Forward 
   Center                   Wing                     Time % Phy DF OF 
 1 Corban Knight            Jordan LaVallee          60     1   2  2  
 2 Billy Sweat              Sam Carrick              40     1   2  2  

4 vs 4 Defense
   Defense                  Defense                  Time % Phy DF OF 
 1 Kevin Connauton          Zach Trotman             60     1   2  2  
 2 David Shields            Alex Plante              40     1   2  2  

Last Minutes Offensive
   Center                   Left Wing                Right Wing               Defense                  Defense                  
   Corban Knight            Jordan LaVallee          Brandon Kozun            Kevin Connauton          Zach Trotman             

Last Minutes Defensive
   Center                   Left Wing                Right Wing               Defense                  Defense                  
   Corban Knight            Jordan LaVallee          Brandon Kozun            Kevin Connauton          Zach Trotman             

Goaltenders
Starting : Chet Pickard             
Backup : Joacim Eriksson          

Extra Forwards
Normal : Logan MacMillan, William Carrier, Emil Pettersson - PP : Logan MacMillan, William Carrier - PK : Emil Pettersson
Extra Defensemen
Normal : Jerome Gauthier-Leduc, David Shields, Kevin Connauton - PP : Jerome Gauthier-Leduc - PK : David Shields, Kevin Connauton
Penalty Shots
Corban Knight, Jordan LaVallee, Billy Sweat, Sam Carrick, Logan MacMillan

Scratches
Thomas Gobeil (Healthy), Alex Henriksson (Healthy), Cole Ully (Healthy), Mario Lucia (Healthy), Phil Di Giuseppe (Healthy)
Robin Norell (Upper Body Injury), Samuel Groulx (Bruised Left Leg Injury), Oscar Dansk (Healthy)

% Time on Ice - Carnivores

Lines # - Real PCT - Wanted PCT - Time Play
Normal Forward
1 - 38% - 40% - 18:09
2 - 27% - 30% - 12:37
3 - 20% - 20% - 9:32
4 - 15% - 10% - 6:56
Normal Defense
1 - 42% - 40% - 19:42
2 - 31% - 30% - 14:31
3 - 20% - 20% - 9:23
4 - 8% - 10% - 3:38
PP Forward
1 - 67% - 60% - 3:47
2 - 33% - 40% - 1:50
PP Defense
1 - 72% - 60% - 4:03
2 - 28% - 40% - 1:34
PK Forward
1 - 78% - 60% - 5:35
2 - 22% - 40% - 1:34
PK Defense
1 - 63% - 60% - 4:31
2 - 37% - 40% - 2:38
PK3 Forward
1 - 0% - 60%
2 - 0% - 40%
PK3 Defense
1 - 0% - 60%
2 - 0% - 40%
44 Forward
1 - 0% - 60%
2 - 0% - 40%
44 Defense
1 - 0% - 60%
2 - 0% - 40%
Last Minute Offensive  - 0:00
Last Minute Defensive  - 0:00
Total
Forward - 60:00
Defense - 60:00

% Time on Ice - Ice Dragons

Lines # - Real PCT - Wanted PCT - Time Play
Normal Forward
1 - 36% - 40% - 17:07
2 - 29% - 30% - 13:32
3 - 21% - 20% - 10:06
4 - 14% - 10% - 6:29
Normal Defense
1 - 38% - 40% - 17:53
2 - 33% - 30% - 15:28
3 - 21% - 20% - 9:50
4 - 9% - 10% - 4:03
PP Forward
1 - 51% - 60% - 3:37
2 - 49% - 40% - 3:32
PP Defense
1 - 53% - 60% - 3:48
2 - 47% - 40% - 3:21
PK Forward
1 - 74% - 60% - 4:09
2 - 26% - 40% - 1:28
PK Defense
1 - 62% - 60% - 3:28
2 - 38% - 40% - 2:09
PK3 Forward
1 - 0% - 60%
2 - 0% - 40%
PK3 Defense
1 - 0% - 60%
2 - 0% - 40%
44 Forward
1 - 0% - 60%
2 - 0% - 40%
44 Defense
1 - 0% - 60%
2 - 0% - 40%
Last Minute Offensive  - 0:00
Last Minute Defensive  - 0:00
Total
Forward - 60:00
Defense - 60:00

Play-by-Play

1st period


0:01 of 1st period - Nicolas Kerdiles wins face-off versus Corban Knight in neutral zone.
1:57 of 1st period - Slapshot by William Carrier.
1:57 of 1st period - Shot Blocked by Trevor Van Riemsdyk.
2:02 of 1st period - Icing by Trevor Van Riemsdyk.
2:03 of 1st period - Anton Gustafsson wins face-off versus Sam Carrick in Carnivores zone.
2:12 of 1st period - Snap shot by Anton Gustafsson.
2:12 of 1st period - Shot Blocked by Sam Carrick.
2:24 of 1st period - Minor Penalty to Joel Armia for Roughing.
2:25 of 1st period - Anton Gustafsson wins face-off versus Brandon Kozun in Carnivores zone.
2:34 of 1st period - Wrist shot by Jordan LaVallee.
2:34 of 1st period - Goal by Jordan LaVallee - Carnivores : 0 - Ice Dragons : 1.
2:35 of 1st period - Corban Knight wins face-off versus Scott Laughton in neutral zone.
2:48 of 1st period - Wrist shot by Corban Knight.
2:48 of 1st period - Stopped by Tristan Jarry with a rebound.
3:02 of 1st period - Markus Granlund is hit by Justin Shugg and loses puck.
3:09 of 1st period - Snap shot by Markus Granlund.
3:09 of 1st period - Shot Blocked by Sam Carrick.
3:11 of 1st period - Wrist shot by Mark McNeill.
3:11 of 1st period - Stopped by Chet Pickard without a rebound.
3:12 of 1st period - Scott Laughton wins face-off versus Sam Carrick in Ice Dragons zone.
3:17 of 1st period - Slapshot by Chris Lawrence.
3:17 of 1st period - Shot Misses the Net.
3:33 of 1st period - Minor Penalty to Adam Clendening for Hooking.
3:34 of 1st period - Corban Knight wins face-off versus Chris Lawrence in Ice Dragons zone.
5:06 of 1st period - Chris Lawrence is hit by Billy Sweat and loses puck.
5:33 of 1st period - Penalty to Adam Clendening is over, Adam Clendening is back on ice.
5:41 of 1st period - Snap shot by Mark McNeill.
5:41 of 1st period - Stopped by Chet Pickard without a rebound.
5:42 of 1st period - Sam Carrick wins face-off versus Brett Connolly in Ice Dragons zone.
5:57 of 1st period - Adam Almquist is hit by Alex Plante and loses puck.
6:08 of 1st period - Markus Granlund is hit by Emil Pettersson.
6:22 of 1st period - Lucas Wallmark is hit by Corban Knight and loses puck.
6:41 of 1st period - William Carrier is hit by Mattias Backman and loses puck.
6:52 of 1st period - Wrist shot by Anton Gustafsson.
6:52 of 1st period - Shot Misses the Net.
6:58 of 1st period - Minor Penalty to William Carrier for Hooking.
6:59 of 1st period - Scott Laughton wins face-off versus Corban Knight in Ice Dragons zone.
7:06 of 1st period - Snap shot by Nicolas Kerdiles.
7:06 of 1st period - Shot Misses the Net.
7:08 of 1st period - Slapshot by Josh Morrissey.
7:08 of 1st period - Goal by Josh Morrissey - Carnivores : 1 - Ice Dragons : 1.
7:09 of 1st period - Scott Laughton wins face-off versus Corban Knight in neutral zone.
7:18 of 1st period - Slapshot by Corban Knight.
7:18 of 1st period - Stopped by Tristan Jarry without a rebound.
7:19 of 1st period - Scott Laughton wins face-off versus Corban Knight in Carnivores zone.
7:19 of 1st period - Scott Laughton is hit by Brandon Kozun.
7:30 of 1st period - Travis Dermott is hit by Zach Trotman and loses puck.
7:45 of 1st period - Wrist shot by Jordan LaVallee.
7:45 of 1st period - Shot Blocked by Chris Lawrence.
7:47 of 1st period - Slapshot by Kevin Connauton.
7:47 of 1st period - Stopped by Tristan Jarry without a rebound.
7:48 of 1st period - Sam Carrick wins face-off versus Anton Gustafsson in Carnivores zone.
7:53 of 1st period - Slapshot by Billy Sweat.
7:53 of 1st period - Shot Misses the Net.
8:21 of 1st period - Snap shot by Markus Granlund.
8:21 of 1st period - Shot Misses the Net.
8:23 of 1st period - Slapshot by T.J Brodie.
8:23 of 1st period - Shot Blocked by Adam Clendening.
9:23 of 1st period - Snap shot by Logan MacMillan.
9:23 of 1st period - Stopped by Tristan Jarry without a rebound.
9:24 of 1st period - Scott Laughton wins face-off versus Corban Knight in Carnivores zone.
9:59 of 1st period - Slapshot by Anton Gustafsson.
9:59 of 1st period - Stopped by Chet Pickard with a rebound.
10:12 of 1st period - Icing by Mattias Backman.
10:13 of 1st period - Markus Granlund wins face-off versus Theodor Blueger in Carnivores zone.
10:24 of 1st period - Snap shot by Mark McNeill.
10:24 of 1st period - Shot Misses the Net.
10:26 of 1st period - Wrist shot by Mark McNeill.
10:26 of 1st period - Shot Misses the Net.
10:28 of 1st period - Backhand shot by Markus Granlund.
10:28 of 1st period - Stopped by Chet Pickard with a rebound.
10:38 of 1st period - Chris Lawrence is hit by Jordan LaVallee and loses puck.
10:57 of 1st period - Joel Armia is hit by David Shields and loses puck.
12:00 of 1st period - Minor Penalty to Josh Morrissey for Hooking.
12:01 of 1st period - Anton Gustafsson wins face-off versus Corban Knight in Carnivores zone.
12:40 of 1st period - Markus Granlund is hit by Billy Sweat and loses puck.
14:00 of 1st period - Penalty to Josh Morrissey is over, Josh Morrissey is back on ice.
14:44 of 1st period - David Shields is hit by Adam Almquist and loses puck.
14:55 of 1st period - William Carrier is hit by Josh Morrissey and loses puck.
15:52 of 1st period - Snap shot by Blake Geoffrion.
15:52 of 1st period - Shot Misses the Net.
16:19 of 1st period - Jordan LaVallee is hit by Mark McNeill and loses puck.
16:38 of 1st period - David Shields is hit by Hunter Shinkaruk and loses puck.
17:07 of 1st period - Wrist shot by Corban Knight.
17:07 of 1st period - Shot Misses the Net.
17:43 of 1st period - Alex Plante is hit by Blake Geoffrion and loses puck.
18:32 of 1st period - Alex Plante is hit by Blake Geoffrion and loses puck.
18:47 of 1st period - Nicolas Deslauriers is hit by Sam Carrick and loses puck.
19:08 of 1st period - Wrist shot by Chris Lawrence.
19:08 of 1st period - Shot Misses the Net.
19:10 of 1st period - Slapshot by Nicolas Kerdiles.
19:10 of 1st period - Stopped by Chet Pickard with a rebound.
19:12 of 1st period - Snap shot by Nicolas Kerdiles.
19:12 of 1st period - Shot Blocked by William Carrier.
Goals for this period are 1 for Carnivores vs 1 for Ice Dragons.
Shots for this period are 6 for Carnivores vs 5 for Ice Dragons.

2nd period


0:01 of 2nd period - Corban Knight wins face-off versus Scott Laughton in neutral zone.
0:26 of 2nd period - Joel Armia is hit by Justin Shugg and loses puck.
0:49 of 2nd period - Snap shot by Hunter Shinkaruk.
0:49 of 2nd period - Shot Misses the Net.
0:51 of 2nd period - Wrist shot by Hunter Shinkaruk.
0:51 of 2nd period - Shot Blocked by Kevin Connauton.
0:53 of 2nd period - Slapshot by Carl Dahlstrom.
0:53 of 2nd period - Deflect By Riley Barber.
0:53 of 2nd period - Stopped by Chet Pickard with a rebound.
1:15 of 2nd period - Slapshot by Kevin Connauton.
1:15 of 2nd period - Shot Blocked by Scott Laughton.
1:17 of 2nd period - Wrist shot by Justin Shugg.
1:17 of 2nd period - Stopped by Tristan Jarry with a rebound.
1:19 of 2nd period - Backhand shot by Kevin Connauton.
1:19 of 2nd period - Stopped by Tristan Jarry without a rebound.
1:20 of 2nd period - Anton Gustafsson wins face-off versus Corban Knight in Carnivores zone.
1:47 of 2nd period - Off-side.
1:48 of 2nd period - Emil Pettersson wins face-off versus Scott Laughton in neutral zone.
1:57 of 2nd period - Logan MacMillan is hit by Travis Dermott and loses puck.
2:11 of 2nd period - Icing by Chris Lawrence.
2:12 of 2nd period - Corban Knight wins face-off versus Scott Laughton in Carnivores zone.
2:13 of 2nd period - Slapshot by Jordan LaVallee.
2:13 of 2nd period - Stopped by Tristan Jarry with a rebound.
2:15 of 2nd period - Slapshot by Corban Knight.
2:15 of 2nd period - Shot Blocked by Andreas Englund.
2:17 of 2nd period - Wrist shot by Corban Knight.
2:17 of 2nd period - Shot Blocked by Nicolas Kerdiles.
2:19 of 2nd period - Slapshot by Kevin Connauton.
2:19 of 2nd period - Stopped by Tristan Jarry without a rebound.
2:20 of 2nd period - Anton Gustafsson wins face-off versus Corban Knight in Carnivores zone.
2:33 of 2nd period - Snap shot by Corban Knight.
2:33 of 2nd period - Shot Blocked by T.J Brodie.
2:35 of 2nd period - Slapshot by Kevin Connauton.
2:35 of 2nd period - Stopped by Tristan Jarry without a rebound.
2:36 of 2nd period - Sam Carrick wins face-off versus Scott Laughton in Carnivores zone.
2:43 of 2nd period - Snap shot by Billy Sweat.
2:43 of 2nd period - Stopped by Tristan Jarry without a rebound.
2:44 of 2nd period - Nicolas Kerdiles wins face-off versus Justin Shugg in Carnivores zone.
2:49 of 2nd period - Slapshot by Josh Morrissey.
2:49 of 2nd period - Stopped by Chet Pickard with a rebound.
2:55 of 2nd period - Snap shot by Chris Lawrence.
2:55 of 2nd period - Stopped by Chet Pickard without a rebound.
2:56 of 2nd period - Corban Knight wins face-off versus Scott Laughton in Ice Dragons zone.
3:23 of 2nd period - Joel Armia is hit by Justin Shugg and loses puck.
3:42 of 2nd period - Snap shot by Markus Granlund.
3:42 of 2nd period - Shot Blocked by Adam Clendening.
4:05 of 2nd period - Snap shot by William Carrier.
4:05 of 2nd period - Stopped by Tristan Jarry with a rebound.
4:11 of 2nd period - Snap shot by Theodor Blueger.
4:11 of 2nd period - Stopped by Tristan Jarry without a rebound.
4:12 of 2nd period - Corban Knight wins face-off versus Scott Laughton in Carnivores zone.
4:13 of 2nd period - Wrist shot by Brandon Kozun.
4:13 of 2nd period - Deflect By Nicolas Kerdiles.
4:13 of 2nd period - Stopped by Tristan Jarry without a rebound.
4:14 of 2nd period - Scott Laughton wins face-off versus Corban Knight in Carnivores zone.
4:19 of 2nd period - Wrist shot by Corban Knight.
4:19 of 2nd period - Stopped by Tristan Jarry with a rebound.
4:21 of 2nd period - Snap shot by Jordan LaVallee.
4:21 of 2nd period - Goal by Jordan LaVallee - Carnivores : 1 - Ice Dragons : 2.
4:22 of 2nd period - Scott Laughton wins face-off versus Corban Knight in neutral zone.
4:47 of 2nd period - Joel Armia is hit by Billy Sweat and loses puck.
5:33 of 2nd period - Minor Penalty to Juho Lammikko for Interference.
5:34 of 2nd period - Corban Knight wins face-off versus Scott Laughton in Ice Dragons zone.
5:34 of 2nd period - Corban Knight is hit by Josh Morrissey.
5:41 of 2nd period - Snap shot by Chris Lawrence.
5:41 of 2nd period - Stopped by Chet Pickard without a rebound.
5:42 of 2nd period - Corban Knight wins face-off versus Scott Laughton in Ice Dragons zone.
5:51 of 2nd period - Slapshot by Nicolas Kerdiles.
5:51 of 2nd period - Shot Blocked by David Shields.
5:53 of 2nd period - Wrist shot by Scott Laughton.
5:53 of 2nd period - Stopped by Chet Pickard without a rebound.
5:54 of 2nd period - Scott Laughton wins face-off versus Corban Knight in Ice Dragons zone.
5:55 of 2nd period - Snap shot by Nicolas Kerdiles.
5:55 of 2nd period - Goal by Nicolas Kerdiles - Carnivores : 2 - Ice Dragons : 2.
5:56 of 2nd period - Scott Laughton wins face-off versus Corban Knight in neutral zone.
6:05 of 2nd period - Wrist shot by Chris Lawrence.
6:05 of 2nd period - Stopped by Chet Pickard without a rebound.
6:06 of 2nd period - Corban Knight wins face-off versus Scott Laughton in Ice Dragons zone.
6:17 of 2nd period - Snap shot by Scott Laughton.
6:17 of 2nd period - Shot Blocked by Brandon Kozun.
6:37 of 2nd period - Wrist shot by Scott Laughton.
6:37 of 2nd period - Stopped by Chet Pickard without a rebound.
6:38 of 2nd period - Anton Gustafsson wins face-off versus Sam Carrick in Ice Dragons zone.
6:39 of 2nd period - Slapshot by Blake Geoffrion.
6:39 of 2nd period - Shot Blocked by Alex Plante.
6:45 of 2nd period - Snap shot by Billy Sweat.
6:45 of 2nd period - Shot Blocked by Andreas Englund.
6:47 of 2nd period - Slapshot by Alex Plante.
6:47 of 2nd period - Stopped by Tristan Jarry without a rebound.
6:48 of 2nd period - Anton Gustafsson wins face-off versus Sam Carrick in Carnivores zone.
6:53 of 2nd period - Slapshot by Joel Armia.
6:53 of 2nd period - Stopped by Chet Pickard with a rebound.
8:02 of 2nd period - Slapshot by Blake Geoffrion.
8:02 of 2nd period - Stopped by Chet Pickard without a rebound.
8:03 of 2nd period - Corban Knight wins face-off versus Scott Laughton in Ice Dragons zone.
8:14 of 2nd period - Wrist shot by Zach Trotman.
8:14 of 2nd period - Shot Misses the Net.
8:16 of 2nd period - Wrist shot by Brandon Kozun.
8:16 of 2nd period - Deflect By Corban Knight.
8:16 of 2nd period - Shot Misses the Net.
8:16 of 2nd period - Puck is out of play.
8:17 of 2nd period - Corban Knight wins face-off versus Scott Laughton in Carnivores zone.
8:53 of 2nd period - Snap shot by Chris Wagner.
8:53 of 2nd period - Shot Blocked by Josh Morrissey.
9:11 of 2nd period - Slapshot by Lucas Wallmark.
9:11 of 2nd period - Shot Misses the Net.
9:13 of 2nd period - Snap shot by Hunter Shinkaruk.
9:13 of 2nd period - Stopped by Chet Pickard without a rebound.
9:14 of 2nd period - Corban Knight wins face-off versus Scott Laughton in Ice Dragons zone.
10:04 of 2nd period - Adam Clendening is hit by Andreas Englund and loses puck.
10:11 of 2nd period - Snap shot by Logan MacMillan.
10:11 of 2nd period - Stopped by Tristan Jarry with a rebound.
10:31 of 2nd period - Wrist shot by Chris Lawrence.
10:31 of 2nd period - Deflect By Nicolas Kerdiles.
10:31 of 2nd period - Stopped by Chet Pickard with a rebound.
11:09 of 2nd period - Wrist shot by Sam Carrick.
11:09 of 2nd period - Shot Blocked by T.J Brodie.
11:09 of 2nd period - T.J Brodie from Carnivores is injured at 11:09 of 2nd period (Back).
11:10 of 2nd period - Scott Laughton wins face-off versus Corban Knight in Carnivores zone.
11:23 of 2nd period - Snap shot by Scott Laughton.
11:23 of 2nd period - Shot Misses the Net.
11:44 of 2nd period - Slapshot by Joel Armia.
11:44 of 2nd period - Shot Misses the Net.
12:18 of 2nd period - Backhand shot by Lucas Wallmark.
12:18 of 2nd period - Shot Misses the Net.
14:25 of 2nd period - David Shields is hit by Nicolas Deslauriers and loses puck.
14:43 of 2nd period - Snap shot by Jordan LaVallee.
14:43 of 2nd period - Shot Misses the Net.
14:45 of 2nd period - Slapshot by Brandon Kozun.
14:45 of 2nd period - Shot Misses the Net.
14:47 of 2nd period - Snap shot by Jordan LaVallee.
14:47 of 2nd period - Stopped by Tristan Jarry without a rebound.
14:48 of 2nd period - Sam Carrick wins face-off versus Scott Laughton in Carnivores zone.
14:57 of 2nd period - Snap shot by Billy Sweat.
14:57 of 2nd period - Shot Blocked by Chris Lawrence.
15:19 of 2nd period - Minor Penalty to Mark McNeill for Hooking.
15:20 of 2nd period - Anton Gustafsson wins face-off versus Corban Knight in Carnivores zone.
15:29 of 2nd period - Wrist shot by Corban Knight.
15:29 of 2nd period - Stopped by Tristan Jarry without a rebound.
15:30 of 2nd period - Corban Knight wins face-off versus Anton Gustafsson in Carnivores zone.
15:35 of 2nd period - Snap shot by Jordan LaVallee.
15:35 of 2nd period - Shot Misses the Net.
15:37 of 2nd period - Snap shot by Jordan LaVallee.
15:37 of 2nd period - Shot Blocked by Andreas Englund.
16:41 of 2nd period - Wrist shot by Corban Knight.
16:41 of 2nd period - Stopped by Tristan Jarry without a rebound.
16:42 of 2nd period - Sam Carrick wins face-off versus Markus Granlund in Carnivores zone.
17:19 of 2nd period - Penalty to Mark McNeill is over, Mark McNeill is back on ice.
17:38 of 2nd period - Slapshot by Travis Dermott.
17:38 of 2nd period - Deflect By Hunter Shinkaruk.
17:38 of 2nd period - Shot Misses the Net.
17:38 of 2nd period - Puck is out of play.
17:39 of 2nd period - Theodor Blueger wins face-off versus Markus Granlund in Ice Dragons zone.
18:26 of 2nd period - Chris Lawrence is hit by Brandon Kozun.
18:41 of 2nd period - Wrist shot by Zach Trotman.
18:41 of 2nd period - Stopped by Tristan Jarry without a rebound.
18:42 of 2nd period - Sam Carrick wins face-off versus Anton Gustafsson in Carnivores zone.
18:51 of 2nd period - Slapshot by Sam Carrick.
18:51 of 2nd period - Deflect By Justin Shugg.
18:51 of 2nd period - Shot Misses the Net.
18:51 of 2nd period - Puck is out of play.
18:52 of 2nd period - Scott Laughton wins face-off versus Corban Knight in Carnivores zone.
19:19 of 2nd period - Slapshot by Sam Carrick.
19:19 of 2nd period - Stopped by Tristan Jarry with a rebound.
19:25 of 2nd period - Snap shot by Blake Geoffrion.
19:25 of 2nd period - Goal by Blake Geoffrion - Carnivores : 3 - Ice Dragons : 2.
19:26 of 2nd period - Scott Laughton wins face-off versus Jordan LaVallee in neutral zone.
19:29 of 2nd period - Zach Trotman is hit by Nicolas Kerdiles and loses puck.
19:52 of 2nd period - Sam Carrick is hit by Anton Gustafsson and loses puck.
Goals for this period are 2 for Carnivores vs 1 for Ice Dragons.
Shots for this period are 13 for Carnivores vs 18 for Ice Dragons.

3rd period


0:01 of 3rd period - Corban Knight wins face-off versus Scott Laughton in neutral zone.
0:06 of 3rd period - Backhand shot by Brandon Kozun.
0:06 of 3rd period - Shot Blocked by Josh Morrissey.
0:26 of 3rd period - Kevin Connauton is hit by Markus Granlund.
0:38 of 3rd period - Backhand shot by Billy Sweat.
0:38 of 3rd period - Stopped by Tristan Jarry without a rebound.
0:39 of 3rd period - Scott Laughton wins face-off versus Emil Pettersson in Carnivores zone.
0:50 of 3rd period - Snap shot by Emil Pettersson.
0:50 of 3rd period - Shot Misses the Net.
0:52 of 3rd period - Slapshot by Adam Clendening.
0:52 of 3rd period - Stopped by Tristan Jarry without a rebound.
0:53 of 3rd period - Corban Knight wins face-off versus Scott Laughton in Carnivores zone.
0:56 of 3rd period - Slapshot by Corban Knight.
0:56 of 3rd period - Shot Blocked by Chris Lawrence.
1:07 of 3rd period - Slapshot by Chris Lawrence.
1:07 of 3rd period - Shot Misses the Net.
1:09 of 3rd period - Wrist shot by Scott Laughton.
1:09 of 3rd period - Shot Misses the Net.
1:19 of 3rd period - Joel Armia is hit by Billy Sweat and loses puck.
1:24 of 3rd period - Slapshot by Billy Sweat.
1:24 of 3rd period - Deflect By Justin Shugg.
1:24 of 3rd period - Shot Blocked by Joel Armia.
1:24 of 3rd period - Puck is out of play.
1:25 of 3rd period - Anton Gustafsson wins face-off versus Sam Carrick in Carnivores zone.
1:40 of 3rd period - Wrist shot by Billy Sweat.
1:40 of 3rd period - Shot Misses the Net.
1:52 of 3rd period - Corban Knight is hit by Andreas Englund and loses puck.
2:03 of 3rd period - Alex Plante is hit by Scott Laughton.
2:19 of 3rd period - Slapshot by Nicolas Deslauriers.
2:19 of 3rd period - Stopped by Chet Pickard without a rebound.
2:20 of 3rd period - Markus Granlund wins face-off versus Sam Carrick in Ice Dragons zone.
2:33 of 3rd period - Snap shot by Mark McNeill.
2:33 of 3rd period - Shot Misses the Net.
2:35 of 3rd period - Snap shot by Carl Dahlstrom.
2:35 of 3rd period - Stopped by Chet Pickard without a rebound.
2:36 of 3rd period - Corban Knight wins face-off versus Chris Lawrence in Ice Dragons zone.
2:44 of 3rd period - Icing by Scott Laughton.
2:45 of 3rd period - Corban Knight wins face-off versus Scott Laughton in Carnivores zone.
3:41 of 3rd period - Slapshot by Kevin Connauton.
3:41 of 3rd period - Shot Misses the Net.
4:35 of 3rd period - Slapshot by Jordan LaVallee.
4:35 of 3rd period - Shot Blocked by Josh Morrissey.
4:44 of 3rd period - Icing by Corban Knight.
4:45 of 3rd period - Corban Knight wins face-off versus Anton Gustafsson in Ice Dragons zone.
4:45 of 3rd period - Corban Knight is hit by Joel Armia.
5:19 of 3rd period - Snap shot by Corban Knight.
5:19 of 3rd period - Deflect By Brandon Kozun.
5:19 of 3rd period - Stopped by Tristan Jarry without a rebound.
5:20 of 3rd period - Mark McNeill wins face-off versus Sam Carrick in Carnivores zone.
5:33 of 3rd period - Adam Clendening is hit by Mattias Backman.
5:38 of 3rd period - Minor Penalty to Markus Granlund for Holding.
5:39 of 3rd period - Sam Carrick wins face-off versus Anton Gustafsson in Carnivores zone.
5:42 of 3rd period - Snap shot by Sam Carrick.
5:42 of 3rd period - Stopped by Tristan Jarry with a rebound.
5:44 of 3rd period - Slapshot by Adam Clendening.
5:44 of 3rd period - Deflect By Sam Carrick.
5:44 of 3rd period - Shot Misses the Net.
5:44 of 3rd period - Puck is out of play.
5:45 of 3rd period - Anton Gustafsson wins face-off versus Justin Shugg in Carnivores zone.
6:34 of 3rd period - Snap shot by Billy Sweat.
6:34 of 3rd period - Shot Blocked by Josh Morrissey.
6:36 of 3rd period - Slapshot by Adam Clendening.
6:36 of 3rd period - Shot Blocked by Andreas Englund.
6:38 of 3rd period - Backhand shot by Billy Sweat.
6:38 of 3rd period - Shot Misses the Net.
6:40 of 3rd period - Slapshot by Alex Plante.
6:40 of 3rd period - Deflect By Billy Sweat.
6:40 of 3rd period - Goal by Billy Sweat - Carnivores : 3 - Ice Dragons : 3.
6:41 of 3rd period - Emil Pettersson wins face-off versus Scott Laughton in neutral zone.
6:51 of 3rd period - Minor Penalty to Chris Lawrence for High sticking.
6:52 of 3rd period - Anton Gustafsson wins face-off versus Corban Knight in Carnivores zone.
7:44 of 3rd period - Travis Dermott is hit by Alex Plante and loses puck.
8:51 of 3rd period - Penalty to Chris Lawrence is over, Chris Lawrence is back on ice.
8:59 of 3rd period - Snap shot by Riley Barber.
8:59 of 3rd period - Shot Blocked by Kevin Connauton.
9:35 of 3rd period - Joel Armia is hit by Theodor Blueger and loses puck.
10:02 of 3rd period - Icing by Nicolas Deslauriers.
10:03 of 3rd period - Markus Granlund wins face-off versus Sam Carrick in Carnivores zone.
10:10 of 3rd period - Wrist shot by Markus Granlund.
10:10 of 3rd period - Stopped by Chet Pickard with a rebound.
10:12 of 3rd period - Snap shot by Mark McNeill.
10:12 of 3rd period - Stopped by Chet Pickard without a rebound.
10:13 of 3rd period - Scott Laughton wins face-off versus Corban Knight in Ice Dragons zone.
10:16 of 3rd period - Wrist shot by Chris Lawrence.
10:16 of 3rd period - Stopped by Chet Pickard without a rebound.
10:17 of 3rd period - Corban Knight wins face-off versus Scott Laughton in Ice Dragons zone.
11:15 of 3rd period - Slapshot by Nicolas Deslauriers.
11:15 of 3rd period - Stopped by Chet Pickard with a rebound.
11:33 of 3rd period - Slapshot by Juho Lammikko.
11:33 of 3rd period - Deflect By Riley Barber.
11:33 of 3rd period - Shot Misses the Net.
11:33 of 3rd period - Puck is out of play.
11:34 of 3rd period - Corban Knight wins face-off versus Chris Lawrence in Carnivores zone.
12:14 of 3rd period - Wrist shot by Nicolas Deslauriers.
12:14 of 3rd period - Stopped by Chet Pickard without a rebound.
12:15 of 3rd period - Scott Laughton wins face-off versus Emil Pettersson in Ice Dragons zone.
12:30 of 3rd period - Slapshot by Zach Trotman.
12:30 of 3rd period - Stopped by Tristan Jarry without a rebound.
12:31 of 3rd period - Corban Knight wins face-off versus Anton Gustafsson in Carnivores zone.
12:34 of 3rd period - Slapshot by Brandon Kozun.
12:34 of 3rd period - Shot Misses the Net.
13:28 of 3rd period - Snap shot by Nicolas Kerdiles.
13:28 of 3rd period - Stopped by Chet Pickard with a rebound.
13:50 of 3rd period - Slapshot by Zach Trotman.
13:50 of 3rd period - Stopped by Tristan Jarry without a rebound.
13:51 of 3rd period - Justin Shugg wins face-off versus Scott Laughton in Carnivores zone.
13:58 of 3rd period - Slapshot by Billy Sweat.
13:58 of 3rd period - Stopped by Tristan Jarry without a rebound.
13:59 of 3rd period - Scott Laughton wins face-off versus Sam Carrick in Carnivores zone.
14:34 of 3rd period - Slapshot by Billy Sweat.
14:34 of 3rd period - Shot Misses the Net.
14:36 of 3rd period - Snap shot by Alex Plante.
14:36 of 3rd period - Stopped by Tristan Jarry with a rebound.
14:38 of 3rd period - Wrist shot by Justin Shugg.
14:38 of 3rd period - Stopped by Tristan Jarry without a rebound.
14:39 of 3rd period - Corban Knight wins face-off versus Anton Gustafsson in Carnivores zone.
14:40 of 3rd period - Snap shot by Brandon Kozun.
14:40 of 3rd period - Shot Misses the Net.
14:42 of 3rd period - Wrist shot by Jordan LaVallee.
14:42 of 3rd period - Shot Blocked by Anton Gustafsson.
14:44 of 3rd period - Wrist shot by Corban Knight.
14:44 of 3rd period - Stopped by Tristan Jarry without a rebound.
14:45 of 3rd period - Corban Knight wins face-off versus Anton Gustafsson in Carnivores zone.
14:48 of 3rd period - Snap shot by Corban Knight.
14:48 of 3rd period - Stopped by Tristan Jarry without a rebound.
14:49 of 3rd period - Corban Knight wins face-off versus Anton Gustafsson in Carnivores zone.
15:13 of 3rd period - Minor Penalty to David Shields for Roughing.
15:14 of 3rd period - Corban Knight wins face-off versus Scott Laughton in Ice Dragons zone.
15:20 of 3rd period - Slapshot by Scott Laughton.
15:20 of 3rd period - Stopped by Chet Pickard with a rebound.
15:40 of 3rd period - Jordan LaVallee is hit by Josh Morrissey and loses puck.
15:51 of 3rd period - Wrist shot by Nicolas Kerdiles.
15:51 of 3rd period - Shot Misses the Net.
16:17 of 3rd period - Snap shot by Chris Lawrence.
16:17 of 3rd period - Shot Misses the Net.
16:19 of 3rd period - Slapshot by Josh Morrissey.
16:19 of 3rd period - Goal by Josh Morrissey - Carnivores : 4 - Ice Dragons : 3.
16:20 of 3rd period - Emil Pettersson wins face-off versus Nicolas Deslauriers in neutral zone.
16:51 of 3rd period - Backhand shot by Anton Gustafsson.
16:51 of 3rd period - Stopped by Chet Pickard with a rebound.
17:10 of 3rd period - Minor Penalty to Kevin Connauton for High sticking.
17:11 of 3rd period - Scott Laughton wins face-off versus Corban Knight in Ice Dragons zone.
17:11 of 3rd period - Snap shot by Nicolas Kerdiles.
17:11 of 3rd period - Goal by Nicolas Kerdiles - Carnivores : 5 - Ice Dragons : 3.
17:12 of 3rd period - Markus Granlund wins face-off versus Emil Pettersson in neutral zone.
17:12 of 3rd period - Josh Morrissey is hit by Kevin Connauton and loses puck.
17:31 of 3rd period - Minor Penalty to Emil Pettersson for Hooking.
17:32 of 3rd period - Corban Knight wins face-off versus Scott Laughton in Ice Dragons zone.
18:12 of 3rd period - Sam Carrick is hit by Scott Laughton and loses puck.
19:31 of 3rd period - Penalty to Emil Pettersson is over, Emil Pettersson is back on ice.
Goals for this period are 2 for Carnivores vs 1 for Ice Dragons.
Shots for this period are 12 for Carnivores vs 12 for Ice Dragons.